 Dungeon Crawl Stone Soup version 0.31-a0-1616-gbeaec30 (webtiles) character file.

Game seed: 11579454729420157183

6 Dorkslayer the Ducker (level 1, -3/16 HPs)
             Began as an Octopode Fighter on Jan 10, 2024.
             Slain by a goblin
             ... wielding a +0 club
              (5 damage)
             ... on level 1 of the Dungeon.
             The game lasted 00:00:13 (73 turns).

Dorkslayer the Ducker (Octopode Fighter)              Turns: 73, Time: 00:00:14

Health: -3/16      AC:  1    Str: 15    XL:     1   Next: 90%
Magic:  1/1        EV: 13    Int: 10    God:
Gold:   2          SH:  4    Dex: 11    Spells: 0/0 levels left

rFire   . . .        a - +0 long sword
rCold   . . .        b - +0 buckler
rNeg    . . .        (helmet restricted)
rPois   .            (no amulet)
rElec   .            (no ring)
rCorr   .            (no ring)
SInv    .            (no ring)
Will    .....        (no ring)
Stlth   ++           (no ring)
HPRegen 0.22/turn    (no ring)
MPRegen 0.07/turn    (no ring)
                     (no ring)

%: no passive effects
@: no status effects
A: almost no armour, amphibious, 8 rings, camouflage 1, gelatinous body 1,
(nimble swimmer 1), tentacles
a: no special abilities


You were on level 1 of the Dungeon.
You visited 1 branch of the dungeon, and saw 1 of its levels.

You collected 2 gold pieces.

Inventory:

Hand Weapons
 a - a +0 long sword (weapon)
Armour
 b - a +0 buckler (worn)
Potions
 c - a potion of might


   Skills:
 + Level 3.1 Fighting
 + Level 2.0 Long Blades
 * Level 3.2 Dodging
 + Level 3.0 Shields


You couldn't memorise any spells.
You didn't know any spells.
Your spell library was empty.

Dungeon Overview and Level Annotations

Branches:
Dungeon (1/15)

Altars:


Innate Abilities, Weirdness & Mutations

You cannot wear most types of armour.
You are amphibious.
You can wear up to eight rings at the same time.
Your skin changes colour to match your surroundings (Stealth+).
Your rubbery body absorbs attacks. (AC +1, EV +1)
((You are camouflaged when in or above water. (Stealth+)))
You have tentacles for arms and can constrict up to eight enemies at once.


Message History

You closely miss the bat.
The kobold shouts!
Your grab misses the bat. The bat closely misses you.
The kobold barely misses you.
You barely miss the kobold. You grab the kobold.
You constrict the kobold, but do no damage.
You block the kobold's attack.
You hit the kobold.
You kill the kobold!
The bat hits you but does no damage.
A ball python comes into view.
The bat closely misses you. You block the bat's attack.
Things that are here:
a +0 short sword; a kobold corpse The ball python hisses angrily.
You hit the bat but do no damage. Your grab misses the bat.
The bat barely misses you.
You slash the bat!
You kill the bat!
The ball python bites you. The ball python grabs you.
The ball python constricts you. You block the ball python's attack.
The ball python constricts you.
You closely miss the ball python. Your grab misses the ball python.
The ball python bites you.
* * * LOW HITPOINT WARNING * * *
The ball python constricts you. The ball python barely misses you.
The ball python constricts you.
* * * LOW HITPOINT WARNING * * *
You closely miss the ball python. You grab the ball python.
Your squeeze misses the ball python. You constrict the ball python.
A goblin comes into view. It is wielding a +0 club.
The ball python closely misses you. The ball python constricts you.
* * * LOW HITPOINT WARNING * * *
You hit the ball python.
You kill the ball python!
You hit the goblin. Your grab misses the goblin.
Your squeeze misses the goblin.
The goblin is moderately wounded.
The goblin hits you with a +0 club.
You die...

#. .# ..#.# #
#.#.# .#
#.#.#.#..#
#.#.#.#..#
#.#.#....
#####.#.#g#.#
)...#...@.#.
#......#..#
##....)##.#
#..>.....#
#......###
#######.#
.#########...###.#
...........#.†...#
#####'############


You could see a goblin.

Vanquished Creatures
  2 ball pythons (D:1)
  A goblin (D:1)
  A bat (D:1)
  A kobold (D:1)
  A rat (D:1)
6 creatures vanquished.

Notes
Turn   | Place    | Note
-------+----------+-------------------------------------------
     0 | D:1      | Dorkslayer the Octopode Fighter began the quest for the
                  | Orb.
     0 | D:1      | Reached XP level 1. HP: 16/16 MP: 1/1
    73 | D:1      | Slain by a goblin

Illustrated notes

Levels and vault maps discovered:
D:1:      giann_wishing_wells, layout_basic, serial_shops,
          nicolae_shop_gibbet_a_chance

Action                     || total
---------------------------++-------
  Melee: Long sword        ||    17
         Constrict         ||     4
         Tentacles         ||     2
 Armour: Skin              ||     8
  Dodge: Dodged            ||    14
  Block: Buckler           ||     8

Table legend: (Time is in decaauts)
 A = Elapsed time spent in this place.
 B = Non-inter-level travel time spent in this place.
 C = Inter-level travel time spent in this place.
 D = Time resting spent in this place.
 E = Time spent auto-exploring this place.
 F = Levels seen in this place.
 G = Mean time per level.
                   A        B        C        D        E       F      G
               +--------+--------+--------+--------+--------+-----+--------+
         Total |     78 |     78 |      0 |      0 |     41 |   1 |   78.0 |
       Dungeon |     78 |     78 |      0 |      0 |     41 |   1 |   78.0 |
               +--------+--------+--------+--------+--------+-----+--------+

Top non-repeatable levels by time:
     D:1: 78 daAuts
